 Dungeon Crawl Stone Soup version 0.31.0-1-g2c135a008e (webtiles) character file.

Game seed: 3224638120033876966

56 qw the Shooter (level 4, 0/34 HPs)
             Began as a Djinni Hunter on Jan 23, 2024.
             Slain by a water moccasin (3 damage)
             ... on level 3 of the Dungeon.
             The game lasted 00:00:05 (1185 turns).

qw the Shooter (Djinni Hunter)                      Turns: 1185, Time: 00:00:05

Health: 0/34       AC:  5    Str: 10    XL:     4   Next: 17%
Gold:   52         EV: 11    Int: 10    God:
                   SH:  0    Dex: 19

rFire   + + .        a - +0 shortbow
rCold   x . .        (shield currently unavailable)
rNeg    + . .        d - +0 ring mail
rPois   inf          (no helmet)
rElec   .            (no cloak)
rCorr   .            (no gloves)
SInv    .            (boots unavailable)
Will    .....        k - amulet of faith
Stlth   +            i - ring of positive energy
HPRegen 0.25/turn    (no ring)
MPRegen 0.00/turn

%: faith, infuse magic (-1 HP)
@: flying
A: sickness immunity, fire resistance 2, cold vulnerability 1, float, innate
caster, HP casting, extra vitality 1
a: no special abilities


You were on level 3 of the Dungeon.
You visited 1 branch of the dungeon, and saw 3 of its levels.

You collected 52 gold pieces.


Innate Abilities, Weirdness & Mutations

You are immune to sickness and miasma.
You are immune to poison.
Your flesh is very heat resistant. (rF++)
You are vulnerable to cold. (rC-)
You float through the air rather than walking.
You learn spells naturally, not from books.
Your magical power is your life essence.
You have superior vitality. (+4 MHP)


   Skills:
 + Level 2.8 Fighting
 - Level 4.0 Ranged Weapons
 - Level 1.0 Armour
 - Level 2.1 Dodging
 - Level 0.7 Stealth


You knew the following spells:

 Your Spells              Type           Power      Damage    Failure   Level
a - Magic Dart            Conj           0%         1d3       67%         1
Your spell library was empty.

Inventory:

Hand Weapons
 a - a +0 shortbow (weapon)
Armour
 b - the +1 leather armour of the Spider Nest {-Tele Fly Str+6 Dex+2}
   (You found it on level 2 of the Dungeon)

   Str+6:     It affects your strength (+6).
   Dex+2:     It affects your dexterity (+2).
   Fly:       It grants you flight.
   -Tele:     It prevents most forms of teleportation.
 d - a +0 ring mail (worn)
Jewellery
 i - a ring of positive energy (left hand)
 k - an amulet of faith (around neck)
Potions
 c - a potion of mutation {unknown}
 l - a potion of might

Dungeon Overview and Level Annotations

Branches:
Dungeon (3/15)

Altars:


Message History

The water moccasin closely misses you.
You shoot an arrow. The arrow misses the water moccasin.
The arrow closely misses the rat.
The water moccasin barely misses you. x2
You shoot an arrow. The arrow hits the water moccasin.
The water moccasin is severely wounded.
The water moccasin bites you but does no damage.
The water moccasin closely misses you.
You shoot an arrow. The arrow hits the water moccasin.
The water moccasin is severely wounded.
The water moccasin bites you but does no damage.
The water moccasin bites you.
You shoot an arrow.
The arrow hits the water moccasin but does no damage.
The water moccasin is severely wounded.
The water moccasin bites you!
You shoot an arrow.
The arrow hits the water moccasin but does no damage.
The water moccasin is severely wounded.
The water moccasin closely misses you. The water moccasin barely misses you.
You shoot an arrow.
The arrow closely misses the water moccasin.
The arrow hits the rat.
You kill the rat!
The water moccasin closely misses you. The water moccasin bites you!
You shoot an arrow.
The arrow hits the water moccasin but does no damage.
The water moccasin is severely wounded.
The water moccasin barely misses you. The water moccasin closely misses you.
You shoot an arrow. The arrow misses the water moccasin.
The water moccasin bites you. x2
You shoot an arrow.
The arrow closely misses the water moccasin.
The water moccasin bites you. The water moccasin closely misses you.
You shoot an arrow.
The arrow closely misses the water moccasin.
The water moccasin bites you.
You shoot an arrow. The arrow misses the water moccasin.
The water moccasin bites you.
You die...

... ...
....
.....
####...r.
#........
#<.......
#S#######
#@# #.#
#.# #.#
#.# ..#
###


You could see a water moccasin.

Vanquished Creatures
  An adder (D:3)
  4 endoplasms
  6 goblins
  6 hobgoblins
  7 jackals
  4 kobolds
  3 quokkas
  4 ball pythons (D:1)
  3 bats
  3 rats
41 creatures vanquished.

Notes
Turn   | Place    | Note
-------+----------+-------------------------------------------
     0 | D:1      | qw the Djinni Hunter began the quest for the Orb.
     0 | D:1      | Reached XP level 1. HP: 18/18 MP: 0/0
     0 | D:1      | 0 ||| qw: Version: 0.3-a-136-gdd3b4e8
     0 | D:1      | 0 ||| qw: Game counter: 1057
     0 | D:1      | 0 ||| qw: Melee chars always use a shield: true
     0 | D:1      | 0 ||| qw: God list: Okawaru
     0 | D:1      | 0 ||| qw: Allow faded altars: false
     0 | D:1      | 0 ||| qw: Do Orc after clearing Dungeon:15 true
     0 | D:1      | 0 ||| qw: Do second Lair branch before Depths: true
     0 | D:1      | 0 ||| qw: Lair rune preference: random
     0 | D:1      | 0 ||| qw: Goals: Normal
     0 | D:1      | 0 ||| PLANNING D:1-11
    93 | D:1      | Reached XP level 2. HP: 23/23 MP: 0/0
   190 | D:1      | Reached XP level 3. HP: 28/28 MP: 0/0
   190 | D:1      | Learned a level 1 spell: Magic Dart
   400 | D:1      | Reached skill level 4 in Ranged Weapons
   658 | D:1      | Found a faded altar of an unknown god.
   726 | D:1      | 726 ||| UPGRADING to +0 ring mail.
   736 | D:1      | 736 ||| DROPPING +0 leather armour.
   737 | D:1      | 737 ||| UPGRADING to amulet of faith.
   742 | D:1      | 742 ||| UPGRADING to ring of positive energy.
   743 | D:1      | 743 ||| READING 2 scrolls labelled QOS FURAMALU.
   743 | D:1      | 743 ||| IDENTIFYING green potion
   744 | D:1      | 744 ||| READING scroll of identify.
   744 | D:1      | 744 ||| IDENTIFYING 2 inky potions
   745 | D:1      | 745 ||| READING scroll labelled YCZUKL EVUZAFOR.
   750 | D:1      | 750 ||| READING scroll labelled OMUSUXO YLEUKH.
   751 | D:1      | 751 ||| READING scroll labelled VOACHAUTEH.
   752 | D:1      | 752 ||| DROPPING scroll of butterflies.
   753 | D:1      | 753 ||| DROPPING 2 potions of invisibility.
   774 | D:2      | 774 ||| STAIRDANCE
   852 | D:2      | Identified the +1 leather armour of the Spider Nest {-Tele
                  | Fly Str+6 Dex+2}
  1008 | D:2      | Reached skill level 1 in Armour
  1162 | D:3      | Noticed a water moccasin
  1164 | D:3      | 1164 ||| RETREEEEATING.
  1165 | D:3      | 1165 ||| RETREEEEATING.
  1174 | D:3      | Reached XP level 4. HP: 28/34 MP: 0/0
  1182 | D:3      | HP: 7/34 [water moccasin (4)]
  1184 | D:3      | HP: 2/34 [water moccasin (3)]
  1185 | D:3      | Slain by a water moccasin

Levels and vault maps discovered:
D:1:      saegor_arrival_simple_b, layout_basic,
          dilly_ecumenical_altar_fadedgnrine, minmay_misc_feat_four_crosses,
          minmay_misc_feat_enclosed, ebering_dispersal_statue_hall
D:2:      layout_rooms
D:3:      layout_basic, mainiacjoe_overflow_alcove_1,
          chequers_temple_overflow_statue_of_worship

Skill      XL: |  1  2  3 |
---------------+----------+-----
Ranged Weapons | 4 |  4.0
Armour         | 1 |  1.0
Fighting       | |  2.8
Dodging        | |  2.1
Stealth        | |  0.7

Action                     |  1- 3 |  4- 6 || total
---------------------------+-------+-------++-------
   Fire: Shortbow          |    97 |    12 ||   109
    Use: Scroll            |     5 |       ||     5
 Armour: Ring mail         |    26 |    11 ||    37
  Dodge: Dodged            |    38 |    10 ||    48

Table legend:
 A = Non-vault XP
 B = Vault XP
 C = Vault XP percentage of total XP
 D = Non-vault monster count
 E = Vault monster count
 F = Vault count percentage of total count
                 A         B        C        D         E       F
            +---------+---------+-------+---------+---------+-------
      Total |      81 |       0 |   0.0 |      41 |       0 |   0.0
            +---------+---------+-------+---------+---------+-------
        D:1 |      42 |       0 |   0.0 |      25 |       0 |   0.0
        D:2 |      24 |       0 |   0.0 |      14 |       0 |   0.0
        D:3 |      15 |       0 |   0.0 |       2 |       0 |   0.0
            +---------+---------+-------+---------+---------+-------
